 Dungeon Crawl Stone Soup version 0.23.2-33-g5129a83184 (webtiles) character file.

Game seed: 18157903418920869291

183 Destapler the Poker (level 5, -2/41 HPs)
             Began as a Merfolk Gladiator on Aug 11, 2019.
             Slain by a worker ant (3 damage)
             ... on level 4 of the Dungeon.
             The game lasted 00:08:02 (3909 turns).

Destapler the Poker (Merfolk Gladiator)             Turns: 3909, Time: 00:08:03

Health: -2/41      AC:  4    Str: 11 (14) XL:     5   Next: 62%
Magic:  5/5        EV: 14    Int: 11 (13) God:
Gold:   147        SH:  0    Dex: 19 (21) Spells: 4/4 levels left

rFire    + . .     SeeInvis .   a - +0 trident
rCold    + . .     Gourm    .   (no shield)
rNeg     . . .     Faith    +   b - +0 leather armour
rPois    +         Spirit   .   c - +0 helmet
rElec    +         Reflect  .   (no cloak)
rCorr    +         Harm     .   (no gloves)
MR       .....                  (no boots)
Stlth    ++........             t - amulet of faith
HPRegen  0.13/turn              p - +5 ring of dexterity
MPRegen  0.09/turn              (no ring)

@: brilliant, resistant, flying, hasted (expiring), lightly drained, very quick
A: change form in water, swift swim, stealthy swim
a: no special abilities


You were on level 4 of the Dungeon.
You were near starving.

You visited 1 branch of the dungeon, and saw 4 of its levels.

You collected 147 gold pieces.

Inventory:

Hand Weapons
 a - a +0 trident (weapon)
Missiles
 d - 2 throwing nets
 i - 72 stones (quivered)
Armour
 b - a +0 leather armour (worn)
 c - a +0 helmet (worn)
Jewellery
 j - an uncursed amulet of harm
 p - a +5 ring of dexterity (left hand)
 t - an amulet of faith (around neck)
Scrolls
 g - a scroll of fog {unknown}
 h - 5 scrolls of identify {unknown}
 m - 3 scrolls of remove curse {unknown}
 o - 2 scrolls of enchant armour {unknown}
 s - a scroll of amnesia {unknown}
 u - 2 scrolls of teleportation {unknown}
 x - a scroll of enchant weapon {unknown}
Potions
 l - a potion of resistance
 w - 2 potions of flight
Comestibles
 f - 7 rations


   Skills:
 + Level 3.3(2.8) Fighting
 * Level 6.5(5.9) Polearms
 - Level 2.0(1.4) Throwing
 + Level 5.0(4.5) Dodging
 + Level 2.5(2.0) Stealth


You had 4 spell levels left.
You didn't know any spells.
Your spell library was empty.

Dungeon Overview and Level Annotations

Branches:
Dungeon (4/15)
 Temple: D:4-7

Altars:
Hepliaklqana
Sif Muna

Annotations:
D:4 Ijyb


Message History

The worker ant bites you.
* * * LOW HITPOINT WARNING * * *
You completely miss Ijyb.
Ijyb is lightly wounded.
Ijyb closely misses you.
You puncture Ijyb!
Ijyb is heavily wounded.
The worker ant misses you.
You hit Ijyb.
Ijyb is severely wounded.
Ijyb barely misses you.
The worker ant bites you but does no damage.
You hit Ijyb.
Ijyb is severely wounded.
Your extra speed is starting to run out.
The worker ant closely misses you. Ijyb misses you.
You closely miss Ijyb.
Ijyb is severely wounded.
The worker ant bites you.
You die...

####
...
..#
#.#
#g#
#@#
#a#
#.#
#.#
#.#
#.#
#.##
#..#
##.#


You could see Ijyb and a worker ant.

Vanquished Creatures
  A phantom (D:4)
  Terence (D:3)
  2 adders (D:2)
  A worm (D:3)
  A leopard gecko (D:2)
  A ball python (D:2)
  8 bats
  3 giant cockroaches
  4 goblins
  4 hobgoblins
  6 jackals (D:1)
  2 kobolds
  2 quokkas
  3 frilled lizards
  4 rats
43 creatures vanquished.

Notes
Turn   | Place    | Note
-------+----------+-------------------------------------------
     0 | D:1      | Destapler the Merfolk Gladiator began the quest for the
                  | Orb.
     0 | D:1      | Reached XP level 1. HP: 16/16 MP: 1/1
   127 | D:1      | Reached XP level 2. HP: 20/23 MP: 2/2
   379 | D:1      | Reached skill level 1 in Stealth
   479 | D:1      | Reached skill level 5 in Polearms
   594 | D:1      | Reached XP level 3. HP: 28/28 MP: 3/3
  2538 | D:3      | Reached XP level 4. HP: 34/34 MP: 4/4
  2819 | D:3      | Noticed Terence
  2838 | D:3      | Killed Terence
  3380 | D:4      | Noticed a phantom
  3751 | D:4      | Found a deep blue altar of Sif Muna.
  3751 | D:4      | Found a hazy altar of Hepliaklqana.
  3795 | D:4      | Killed a phantom
  3795 | D:4      | Reached skill level 6 in Polearms
  3795 | D:4      | Reached skill level 5 in Dodging
  3795 | D:4      | Reached XP level 5. HP: 3/41 MP: 5/5
  3891 | D:4      | Noticed Ijyb
  3904 | D:4      | HP: 2/41 [Ijyb (2)]
  3909 | D:4      | Slain by a worker ant

Skill      XL: |  1  2  3  4 |
---------------+-------------+-----
Stealth        | 1 2 |  2.5
Polearms       | 5 6 |  6.5
Fighting       | 3 |  3.3
Dodging        | 5 |  5.0
Throwing       | |  2.0

Action                   |  1- 3 |  4- 6 || total
-------------------------+-------+-------++-------
Melee: Trident           |   129 |    78 ||   207
Throw: Stone             |       |    16 ||    16
       Throwing net      |       |     1 ||     1
  Use: Potion            |       |     7 ||     7
 Stab: Sleeping          |     2 |     2 ||     4
       Held in net/web   |       |     1 ||     1
  Eat: Chunk             |     1 |     3 ||     4
       Ration            |     1 |       ||     1
Armor: Leather armour    |    26 |    13 ||    39
Dodge: Dodged            |    95 |    48 ||   143
